 Dungeon Crawl Stone Soup version 0.29-a0-233-g1125b37a9b (webtiles) character file.

Game seed: 8751066638594996411

1057 PaleWalker the Digger (level 8, -9/56 (58) HPs)
             Began as a Gnoll Earth Elementalist on Mar 1, 2022.
             Was an Initiate of Ru.
             Mangled by a hornet (16 damage)
             ... on level 5 of the Dungeon on Mar 2, 2022.
             The game lasted 00:19:34 (5297 turns).

PaleWalker the Digger (Gnoll Earth Elementalist)    Turns: 5297, Time: 00:19:37

HP:   -9/56 (58)    AC:  3    Str:  9    XL:     8   Next: 26%
MP:   2/16          EV: 19    Int: 16    God:    Ru [......]
Gold: 181           SH:  0    Dex: 18    Spells: 12/18 levels left

rFire   . . .      SeeInvis .   g - +2 dagger (venom)
rCold   . . .      Faith    .   (no shield)
rNeg    . . .      Spirit   .   b - +0 robe
rPois   .          Reflect  .   (no helmet)
rElec   .          Harm     .   (no cloak)
rCorr   .          Rampage  .   q - +0 pair of gloves
Will    .....                   (no boots)
Stlth   ..........              y - amulet of magic regeneration
HPRegen 0.18/turn               f - +4 ring of evasion
MPRegen 0.55/turn               l - +6 ring of dexterity

@: slowed, lightly drained, very slow
A: fangs 1, no stealth, strong nose, distributed training
a: Renounce Religion


You were on level 5 of the Dungeon.
You worshipped Ru.
Ru was noncommittal.
You visited 1 branch of the dungeon, and saw 5 of its levels.

You collected 181 gold pieces.

Inventory:

Hand Weapons
 e - a +0 dagger of draining
 g - a +2 dagger of venom (weapon)
Missiles
 r - 2 atropa-tipped darts
Armour
 b - a +0 robe (worn)
 h - a +0 scale mail of fire resistance
 q - a +0 pair of gloves (worn)
Jewellery
 f - a +4 ring of evasion (left hand)
 l - a +6 ring of dexterity (right hand)
 n - a ring of protection from fire
 y - an amulet of magic regeneration (around neck)
Wands
 u - a wand of flame (18)
Scrolls
 d - a scroll of fog {unknown}
 i - 2 scrolls of fear {unknown}
 m - a scroll of immolation {unknown}
 o - 2 scrolls of vulnerability {unknown}
 v - a scroll of enchant armour {unknown}
 w - a scroll of enchant weapon {unknown}
 z - a scroll of identify {unknown}
 A - a scroll of noise {unknown}
Potions
 a - a potion of ambrosia {unknown}
 c - 2 potions of lignification {unknown}
 j - a potion of berserk rage {unknown}
 k - a potion of curing {unknown}
 p - a potion of heal wounds {unknown}
 s - a potion of magic {unknown}
 t - a potion of flight {unknown}
 x - 5 potions of mutation {unknown}
 B - a potion of haste {unknown}


   Skills:
 + Level 3.1 Fighting
 + Level 3.1 Short Blades
 + Level 3.1 Long Blades
 + Level 3.1 Axes
 + Level 3.1 Maces & Flails
 + Level 3.1 Polearms
 + Level 3.1 Staves
 + Level 3.1 Slings
 + Level 3.1 Bows
 + Level 3.1 Crossbows
 + Level 3.1 Throwing
 + Level 3.1 Armour
 + Level 5.6 Dodging
   Level 0.0 Stealth
 + Level 3.1 Shields
 + Level 3.1 Unarmed Combat
 + Level 5.9 Spellcasting
 + Level 2.5 Conjurations
 + Level 2.5 Hexes
 + Level 2.5 Summonings
 + Level 2.5 Necromancy
 + Level 2.5 Translocations
 + Level 3.3 Transmutations
 + Level 2.5 Fire Magic
 + Level 2.5 Ice Magic
 + Level 2.5 Air Magic
 + Level 6.0 Earth Magic
 + Level 2.5 Poison Magic
 + Level 3.4 Invocations
 + Level 3.1 Evocations


You had 12 spell levels left.
You knew the following spells:

 Your Spells              Type           Power      Damage    Failure   Level
a - Sandblast             Erth           48%        2d12      1%          1
b - Passwall              Tmut/Erth      15%        N/A       3%          2
c - Stone Arrow           Conj/Erth      36%        3d9       7%          3

Your spell library contained the following spells:

 Spells                   Type           Power      Damage    Failure   Level
 Call Canine Familiar     Summ           12%        N/A       14%         3
 Portal Projectile        Hex/Tloc       24%        N/A       14%         3
 Petrify                  Tmut/Erth      19%        N/A       21%         4
 Leda's Liquefaction      Hex/Erth       9%         N/A       24%         4


Dungeon Overview and Level Annotations

Branches:
Dungeon (5/15)
 Temple: D:4-7

Altars:
Ru


Innate Abilities, Weirdness & Mutations

You have very sharp teeth.
You cannot be stealthy.
Your uncanny sense of smell can sniff out nearby items.
Your experience applies equally to all skills.


Message History

The hornet stings you!
You feel yourself slow down.
Casting: Stone Arrow (dangerous; 7% risk of failure)
Confirm with . or Enter, or press ? or * to list all spells.
Aiming: Stone Arrow (dangerous; 7% risk of failure)
Press: ? - help, Shift-Dir - straight line, f - hornet
Aim: a hornet (52% to hit)
The stone arrow misses the hornet.
You feel yourself speed up. The hornet barely misses you.
The hornet misses you.
Casting: Stone Arrow (dangerous; 7% risk of failure)
Confirm with . or Enter, or press ? or * to list all spells.
Aiming: Stone Arrow (dangerous; 7% risk of failure)
Press: ? - help, Shift-Dir - straight line, f/p - hornet
Aim: a hornet (52% to hit)
The stone arrow hits the hornet!
The hornet is moderately wounded.
The hornet barely misses you.
Casting: Stone Arrow (dangerous; 7% risk of failure)
Confirm with . or Enter, or press ? or * to list all spells.
Aiming: Stone Arrow (dangerous; 7% risk of failure)
Press: ? - help, Shift-Dir - straight line, f/p - hornet
Aim: a hornet (moderately wounded, 52% to hit)
The stone arrow hits the hornet.
The hornet is moderately wounded.
The hornet misses you. The hornet barely misses you.
Casting: Stone Arrow (dangerous; 7% risk of failure)
Confirm with . or Enter, or press ? or * to list all spells.
Aiming: Stone Arrow (dangerous; 7% risk of failure)
Press: ? - help, Shift-Dir - straight line, f/p - hornet
Aim: a hornet (moderately wounded, 52% to hit)
The stone arrow hits the hornet!
The hornet is almost dead.
The hornet stings you!
You feel yourself slow down.
You hit the hornet but do no damage.
The hornet is poisoned.
The hornet is almost dead.
You feel yourself speed up. The hornet stings you!
* * * LOW HITPOINT WARNING * * *
You feel yourself slow down. The hornet stings you!
You die...

##.## ##### #..#
#...# #.## #...#
#.# #...# # ##.#
#...# # #..# #...#
#.## ###...# #.#
##.†...#
#.######..#.)@#
#.##.##.....###y##
#.......##### #.#
..#....## ... #
#.##..# ..... #.
##.# ......# #.
..# .......# ..
#..#.......# ##
#.#


You could see a hornet (very poisoned).

Vanquished Creatures
  Sigmund (D:4)
  2 sky beasts
  A necrophage (D:5)
  2 scorpions
  A howler monkey (D:5)
  An orc priest (D:5)
  3 jellies
  3 hounds
  Ijyb (D:3)
  Terence (D:2)
  2 orc wizards
  6 adders
  A worm (D:2)
  3 dart slugs
  17 orcs
  6 endoplasms
  3 giant cockroaches
  11 goblins
  14 hobgoblins
  8 jackals
  6 quokkas
  10 ball pythons
  6 bats
  4 frilled lizards
  6 kobolds
  6 rats
125 creatures vanquished.

Vanquished Creatures (others)
  A plant (D:2)
1 creature vanquished.

Grand Total: 126 creatures vanquished

Notes
Turn   | Place    | Note
-------+----------+-------------------------------------------
     0 | D:1      | PaleWalker the Gnoll Earth Elementalist began the quest for
                  | the Orb.
     0 | D:1      | Reached XP level 1. HP: 13/13 MP: 6/6
   220 | D:1      | Reached XP level 2. HP: 19/19 MP: 4/7
   676 | D:1      | Reached XP level 3. HP: 25/25 MP: 7/9
   738 | D:1      | Reached skill level 5 in Spellcasting
  1035 | D:2      | Noticed Terence
  1038 | D:2      | Killed Terence
  1039 | D:2      | Reached skill level 1 in Fighting
  1039 | D:2      | Reached skill level 1 in Short Blades
  1039 | D:2      | Reached skill level 1 in Long Blades
  1039 | D:2      | Reached skill level 1 in Axes
  1039 | D:2      | Reached skill level 1 in Maces & Flails
  1039 | D:2      | Reached skill level 1 in Polearms
  1039 | D:2      | Reached skill level 1 in Staves
  1039 | D:2      | Reached skill level 1 in Slings
  1039 | D:2      | Reached skill level 1 in Bows
  1039 | D:2      | Reached skill level 1 in Crossbows
  1039 | D:2      | Reached skill level 1 in Throwing
  1039 | D:2      | Reached skill level 1 in Armour
  1039 | D:2      | Reached skill level 1 in Shields
  1039 | D:2      | Reached skill level 1 in Unarmed Combat
  1039 | D:2      | Reached skill level 1 in Invocations
  1039 | D:2      | Reached skill level 1 in Evocations
  1043 | D:2      | Learned a level 2 spell: Passwall
  1074 | D:2      | Noticed a scorpion
  1079 | D:2      | Reached XP level 4. HP: 31/32 MP: 8/11
  1086 | D:2      | Killed a scorpion
  1087 | D:2      | Reached skill level 1 in Conjurations
  1087 | D:2      | Reached skill level 1 in Hexes
  1087 | D:2      | Reached skill level 1 in Summonings
  1087 | D:2      | Reached skill level 1 in Necromancy
  1087 | D:2      | Reached skill level 1 in Translocations
  1087 | D:2      | Reached skill level 1 in Fire Magic
  1087 | D:2      | Reached skill level 1 in Ice Magic
  1087 | D:2      | Reached skill level 1 in Air Magic
  1087 | D:2      | Reached skill level 1 in Poison Magic
  1087 | D:2      | Reached XP level 5. HP: 19/37 MP: 1/12
  1330 | D:2      | Found a sacrificial altar of Ru.
  1366 | D:2      | Became a worshipper of Ru the Awakened
  1581 | D:2      | Found a faded altar of an unknown god.
  2518 | D:3      | Noticed Ijyb
  2528 | D:3      | Killed Ijyb
  2699 | D:3      | Gained mutation: You cannot be stealthy. [Ru sacrifice]
  2767 | D:3      | Reached XP level 6. HP: 44/44 MP: 13/13
  3424 | D:4      | Reached skill level 5 in Dodging
  3997 | D:4      | Noticed a sky beast
  4006 | D:4      | Killed a sky beast
  4071 | D:4      | Reached XP level 7. HP: 50/50 MP: 15/15
  4431 | D:5      | Entered Level 5 of the Dungeon
  4431 | D:5      | Noticed Sigmund
  4449 | D:4      | Killed Sigmund
  4838 | D:4      | Reached skill level 6 in Earth Magic
  4838 | D:4      | Reached XP level 8. HP: 33/57 MP: 16/16
  5014 | D:5      | Learned a level 3 spell: Stone Arrow
  5265 | D:5      | Noticed a hornet
  5297 | D:5      | Mangled by a hornet

Illustrated notes

Levels and vault maps discovered:
D:1:      erik_arrival_cave_to_civilisation [erik_arrival_cave_to_hall],
          layout_basic, minmay_tromino_v7
D:2:      cheibrodos_greedy_goblins, layout_basic,
          hellmonk_ecumenical_altar_lost_god, basic_altar,
          grunt_decor_arrowhead, serial_bayou_pond_b, uniq_terence
D:3:      layout_basic, serial_park_tiny_1, corexii_item_surrounded_by_moat,
          nicolae_concentric_dashed_squares_wild, uniq_ijyb
D:4:      layout_basic
D:5:      layout_rooms, uniq_sigmund

Skill      XL: |  1  2  3  4  5  6  7  8 |
---------------+-------------------------+-----
Transmutations | 2 3 |  3.3
Spellcasting   | 5 |  5.9
Fighting       | 1 2 3 |  3.1
Short Blades   | 1 2 3 |  3.1
Long Blades    | 1 2 3 |  3.1
Axes           | 1 2 3 |  3.1
Maces & Flails | 1 2 3 |  3.1
Polearms       | 1 2 3 |  3.1
Staves         | 1 2 3 |  3.1
Slings         | 1 2 3 |  3.1
Bows           | 1 2 3 |  3.1
Crossbows      | 1 2 3 |  3.1
Throwing       | 1 2 3 |  3.1
Armour         | 1 2 3 |  3.1
Shields        | 1 2 3 |  3.1
Unarmed Combat | 1 2 3 |  3.1
Invocations    | 1 2 3 |  3.4
Evocations     | 1 2 3 |  3.1
Conjurations   | 1 2 |  2.5
Hexes          | 1 2 |  2.5
Summonings     | 1 2 |  2.5
Necromancy     | 1 2 |  2.5
Translocations | 1 2 |  2.5
Fire Magic     | 1 2 |  2.5
Ice Magic      | 1 2 |  2.5
Air Magic      | 1 2 |  2.5
Poison Magic   | 1 2 |  2.5
Stealth        | 0 |  0.0
Dodging        | 5 |  5.6
Earth Magic    | 6 |  6.0

Action                   |  1- 3 |  4- 6 |  7- 9 || total
-------------------------+-------+-------+-------++-------
Melee: Dagger            |     6 |    68 |   109 ||   183
       Bite              |       |     9 |    11 ||    20
       Punch             |       |     1 |     4 ||     5
Throw: Dart              |       |     1 |       ||     1
 Cast: Sandblast         |    32 |    75 |    28 ||   135
       Stone Arrow       |       |       |    18 ||    18
Invok: Sacrifice Stealth |       |     1 |       ||     1
 Stab: Sleeping          |     1 |       |       ||     1
       Invisible         |       |     1 |       ||     1
Armor: Robe              |     1 |    14 |    17 ||    32
Dodge: Dodged            |    10 |    98 |   119 ||   227

Table legend: (Time is in decaauts)
 A = Elapsed time spent in this place.
 B = Non-inter-level travel time spent in this place.
 C = Inter-level travel time spent in this place.
 D = Time resting spent in this place.
 E = Time spent auto-exploring this place.
 F = Levels seen in this place.
 G = Mean time per level.
                   A        B        C        D        E       F      G
               +--------+--------+--------+--------+--------+-----+--------+
         Total |   5279 |   5096 |    183 |    560 |   3619 |   5 | 1055.8 |
       Dungeon |   5279 |   5096 |    183 |    560 |   3619 |   5 | 1055.8 |
               +--------+--------+--------+--------+--------+-----+--------+

Top non-repeatable levels by time:
     D:4: 1554 daAuts
     D:3: 1103 daAuts
     D:2: 1071 daAuts
     D:1: 1033 daAuts
     D:5: 515 daAuts
